 Dungeon Crawl Stone Soup version 0.30.0 (webtiles) character file.

Game seed: 8964117722943596954

366 BarelyFrosty the Grave Robber (level 6, -8/41 HPs)
             Began as a Vampire Necromancer on Nov 6, 2023.
             Was an Initiate of Hepliaklqana.
             Killed by divine providence
             ... invoked by an orc priest
              (17 damage)
             ... on level 4 of the Dungeon.
             The game lasted 00:39:17 (4353 turns).

BarelyFrosty the Grave Robber (Vampire Necromancer) Turns: 4353, Time: 00:39:17

Health: -8/41      AC: 10    Str: 13    XL:     6   Next: 40%
Magic:  3/12       EV: 12    Int: 20    God:    Hepliaklqana [......]
Gold:   108        SH:  0    Dex: 14    Spells: 0/13 levels left

rFire   . . .        B - staff of death
rCold   . . .        (no shield)
rNeg    + . .        O - +1 robe {Will+}
rPois   .            F - +0 helmet
rElec   .            (no cloak)
rCorr   .            L - +0 pair of gloves
SInv    +            i - +0 pair of boots
Will    +....        (no amulet)
Stlth   ++           r - +4 ring of protection
HPRegen 0.46/turn    s - +6 ring of strength
MPRegen 0.13/turn

%: no passive effects
@: healing quickly
A: alive, fangs 3, see invisible, vampiric 2
a: Exsanguinate, Renounce Religion


You were on level 4 of the Dungeon.
You worshipped Hepliaklqana.
Hepliaklqana was noncommittal.
You visited 1 branch of the dungeon, and saw 4 of its levels.

You collected 108 gold pieces.

Inventory:

Hand Weapons
 g - a +0 club
 l - a +0 club
 m - a +0 dagger
 o - a +0 spear
 u - a +0 quarterstaff
 w - a +0 mace
 y - a +0 dagger
 A - a +0 club
 D - a +0 short sword
 Q - a +1 dagger of protection
Missiles
 j - 4 javelins
 S - 5 boomerangs
Armour
 a - a +0 robe
 i - a +0 pair of boots (worn)
 n - a +0 robe
 C - a +0 ring mail
 E - a +0 chain mail
 F - a +0 helmet (worn)
 J - a +0 kite shield
 L - a +0 pair of gloves (worn)
 N - a +0 pair of boots
 O - a +1 robe of willpower (worn)
Magical Staves
 B - a staff of death (weapon)
 R - a staff of cold
Jewellery
 r - a +4 ring of protection (left hand)
 s - a +6 ring of strength (right hand)
Wands
 P - a wand of iceblast (2)
Scrolls
 c - a scroll of blinking {unknown}
 e - a scroll of fog {unknown}
 h - 2 scrolls of amnesia {unknown}
 q - a scroll of enchant weapon {unknown}
 v - a scroll of enchant armour {unknown}
 x - 3 scrolls of identify {unknown}
 G - 3 scrolls of magic mapping {unknown}
 I - a scroll of acquirement {unknown}
 K - a scroll of fear {unknown}
Potions
 b - a potion of magic
 d - 5 potions of curing {unknown}
 f - a potion of lignification {unknown}
 k - a potion of attraction {unknown}
 p - a potion of might {unknown}
 t - 2 potions of berserk rage {unknown}
 z - 4 potions of ambrosia {unknown}
 H - 2 potions of brilliance {unknown}
 M - a potion of cancellation {unknown}


   Skills:
 + Level 2.4 Dodging
 + Level 3.5 Stealth
 + Level 4.2 Spellcasting
 + Level 6.9 Necromancy


You couldn't memorise any spells.
You knew the following spells:

 Your Spells              Type           Power      Damage    Failure   Level
a - Necrotise             Necr           100%       1d9       1%          1
b - Vampiric Draining     Necr           47%        2d9       2%          3
c - Animate Dead          Necr           47%        N/A       8%          4
d - Agony                 Necr           47%        N/A       21%         5

Your spell library contained the following spells:

 Spells                   Type           Power      Damage    Failure   Level
 Beastly Appendage        Tmut           8%         N/A       13%         1
 Wereblood                Tmut           4%         N/A       19%         2
 Spider Form              Tmut/Pois      4%         N/A       36%         3


Dungeon Overview and Level Annotations

Branches:
Dungeon (4/15)
 Temple: D:4-7

Altars:
Ashenzari
Hepliaklqana
Makhleb
Sif Muna

Shops:
D:4 [


Innate Abilities, Weirdness & Mutations

Your natural rate of healing is accelerated.
You have razor-sharp teeth.
You have supernaturally acute eyesight. (SInv)
You are afflicted with vampirism and can become a bat while bloodless.


Message History

Your orc wizard zombie completely misses the orc priest.
The orc priest barely misses your orc wizard zombie.
The orc hits your orc wizard zombie with a +1 war axe of freezing.
The orc priest hits your orc wizard zombie with a +0 flail.
Your orc wizard zombie is destroyed!
Casting: Vampiric Draining (dangerous; 2% risk of failure)
Confirm with . or Enter, or press ? or * to list all spells.
You don't have enough magic to cast this spell.
Casting: Vampiric Draining (dangerous; 2% risk of failure)
Confirm with . or Enter, or press ? or * to list all spells.
Aiming: Necrotise (safe; 1% risk of failure)
Press: ? - help, Shift-Dir - straight line, f - orc
Aim: an orc, wielding a +1 war axe of freezing (chance to affect: 93%)
You feel a surge of power!
The orc writhes in agony!
You kill the orc!
The dead are walking!
The orc priest calls down the wrath of Beogh upon you.
You resist with some effort.
Your orc zombie closely misses the orc priest.
Your reaping aura is weakening.
Casting: Necrotise (safe; 1% risk of failure)
Confirm with . or Enter, or press ? or * to list all spells.
Aiming: Necrotise (safe; 1% risk of failure)
Press: ? - help, Shift-Dir - straight line, f - orc priest
Aim: an orc priest, wielding a +0 flail (chance to affect: 83%)
You feel a surge of power!
The orc priest writhes in agony.
Your reaping aura expires.
You see here a +0 leather armour.
The orc priest invokes the aid of Beogh against you.
Beogh smites you!
The orc priest calls down the wrath of Beogh upon you.
Beogh smites you!
The orc priest invokes the aid of Beogh against you.
You resist with some effort.
The orc priest invokes the aid of Beogh against you.
Beogh smites you!
* * * LOW HITPOINT WARNING * * *
The orc priest invokes the aid of Beogh against you.
Beogh smites you!
You die...

####### #.........##.##. ......#
#######.#.......##.
...[..#########....##.######...##
...........................+...'.
>..........................#...##
......###..........##.#o##.#...##
............#########.#.##..####.
................[.....#.###..###.
...........####.@######.# ##.....
.........#............o.# ##....
.........#######..###########.#.#
.........###...#..#######.....#..
###...................Z.#.######.
#............)........)...# #.
#.....................#)..# ##
#..........)..........#...#
#.....................#...#


You could see an orc priest.

Vanquished Creatures
  An ice beast (D:3)
  A scorpion (D:4)
  An iguana (D:4)
  An orc priest (D:4)
  An orc wizard (D:4)
  Ijyb (D:4)
  3 adders
  A worm (D:2)
  2 dart slugs (D:4)
  7 orcs
  4 ball pythons
  3 endoplasms
  4 giant cockroaches
  3 goblins
  5 hobgoblins
  8 kobolds
  8 quokkas
  3 bats
  5 frilled lizards
  8 rats
70 creatures vanquished.

Vanquished Creatures (collateral kills)
  A giant cockroach (D:2)
  A ball python (D:2)
  A rat (D:1)
3 creatures vanquished.

Vanquished Creatures (others)
  An orc zombie (D:4)
  A fungus (D:1)
  4 plants (D:1)
6 creatures vanquished.

Grand Total: 79 creatures vanquished

Notes
Turn   | Place    | Note
-------+----------+-------------------------------------------
     0 | D:1      | BarelyFrosty the Vampire Necromancer began the quest for
                  | the Orb.
     0 | D:1      | Reached XP level 1. HP: 13/13 MP: 3/3
   389 | D:1      | Reached XP level 2. HP: 19/19 MP: 1/5
   692 | D:1      | Reached skill level 5 in Necromancy
  1107 | D:2      | Gained mutation: You are afflicted with vampirism and can
                  | become a bat while bloodless. [Vampire growth]
  1107 | D:2      | Reached XP level 3. HP: 24/24 MP: 2/6
  1111 | D:2      | Learned a level 3 spell: Vampiric Draining
  1423 | D:2      | Found a faded altar of an unknown god.
  2796 | D:3      | Found a hazy altar of Hepliaklqana.
  2797 | D:3      | Found a faded altar of an unknown god.
  2843 | D:3      | Became a worshipper of Hepliaklqana the Forgotten
  3112 | D:4      | Found Ytu Kyk's Antique Armour Emporium.
  3138 | D:4      | Reached XP level 4. HP: 28/30 MP: 0/8
  3143 | D:4      | Learned a level 4 spell: Animate Dead
  3271 | D:4      | Noticed an ice beast
  3331 | D:3      | Killed an ice beast
  3332 | D:3      | Reached skill level 6 in Necromancy
  3332 | D:3      | Reached XP level 5. HP: 28/35 MP: 1/10
  3727 | D:4      | Found a broken altar of Ashenzari.
  3863 | D:4      | Noticed Ijyb
  3878 | D:4      | Killed Ijyb
  3936 | D:4      | Reached XP level 6. HP: 41/41 MP: 2/11
  4048 | D:4      | Found a shimmering blue altar of Sif Muna.
  4048 | D:4      | Found a burning altar of Makhleb.
  4097 | D:4      | Learned a level 5 spell: Agony
  4353 | D:4      | Killed from afar by an orc priest

Illustrated notes

Levels and vault maps discovered:
D:1:      lemuel_arrival_muddy, layout_loops_ring, minmay_pentomino_x4
D:2:      layout_basic, hellmonk_ecumenical_altar_crossroads, st_stairs_9,
          bh_walls_and_bars
D:3:      layout_loops_corners, beargit_hepliaklqana_dungeon_heroes
D:4:      layout_basic, ashenzari_altar_1, nicolae_overflow_two_pavilions,
          serial_shops, nicolae_shop_stone, minmay_checkerbox, uniq_ijyb

Skill      XL: |  1  2  3  4  5  6 |
---------------+-------------------+-----
Necromancy     | 5 6 |  6.9
Spellcasting   | 3 4 |  4.2
Dodging        | |  2.4
Stealth        | |  3.5

Action                     |  1- 3 |  4- 6 || total
---------------------------+-------+-------++-------
  Melee: Unarmed           |    12 |       ||    12
         Bite              |     5 |       ||     5
         Club              |     2 |       ||     2
         Punch             |     1 |       ||     1
         Quarterstaff      |     7 |       ||     7
         Staff             |       |    15 ||    15
   Cast: Necrotise         |    77 |    49 ||   126
         Vampiric Draining |       |     5 ||     5
         Animate Dead      |       |     3 ||     3
 Armour: Robe              |     2 |    26 ||    28
  Dodge: Dodged            |    11 |    38 ||    49
